 Dungeon Crawl Stone Soup version 0.30-a0-269-gf0224bf7b6 (webtiles) character file.

Game seed: 5040358389400349188

114314 blackops3 the Severer (level 16, -14/160 HPs)
             Began as a Hill Orc Fighter on Oct 14, 2022.
             Was the Champion of Okawaru.
             Demolished by a minotaur simulacrum (33 damage)
             ... in an ice cave on Oct 15, 2022.
             The game lasted 00:55:37 (31204 turns).

blackops3 the Severer (Hill Orc Fighter)           Turns: 31204, Time: 00:55:40

Health: -14/160    AC: 38    Str: 27    XL:     16   Next: 65%
Magic:  17/17      EV:  6    Int:  8    God:    Okawaru [******]
Gold:   2200       SH: 14    Dex: 10    Spells: 15/15 levels left

rFire   + + .      SeeInvis .    u - +0 broad axe (flame)
rCold   . . .      Faith    .    c - +2 kite shield
rNeg    + . .      Spirit   .    v - +1 crystal plate armour
rPois   +          Reflect  .    K - +2 hat {Will+}
rElec   .          Harm     .    D - +1 cloak {rPois}
rCorr   +          Rampage  .    j - +1 pair of gloves
Will    ++...      NoCast   +    h - +0 pair of boots "Kaskoopn" {-Cast Fly rF++ rN+}
Stlth   ..........               H - amulet of the acrobat
HPRegen 0.46/turn                i - +4 ring of protection
MPRegen 0.15/turn                S - ring of resist corrosion

@: flying
A: no striking features
a: Renounce Religion, Heroism, Finesse, Duel


You were in an ice cave.
You worshipped Okawaru.
Okawaru was exalted by your worship.
You visited 5 branches of the dungeon, and saw 25 of its levels.
You also visited: Gauntlet, Ice Cave and Volcano.

You collected 2666 gold pieces.
You spent 466 gold pieces at shops.

Inventory:

Hand Weapons
 a - a +0 war axe of flaming
 u - a +0 broad axe of flaming (weapon)
 V - a +2 vampiric battleaxe
 X - the +8 war axe of Luuniydi {holy, +Blink Will+}
   (Okawaru gifted it to you on level 13 of the Dungeon)

   It has been blessed by the Shining One to cause great damage to the undead
   and demons.
   +Blink:    It lets you blink.
   Will:      It increases your willpower.
 Z - the +1 broad axe of Checks and Balances {vamp, Int+3}
   (Okawaru gifted it to you on level 13 of the Dungeon)

   It occasionally heals its wielder for a portion of the damage dealt when it
   wounds a living foe.
   Int:       It affects your intelligence (+3).
Armour
 c - a +2 kite shield (worn)
 h - the +0 pair of boots "Kaskoopn" (worn) {-Cast Fly rF++ rN+}
   (You found it in a Gauntlet)

   rF:        It greatly protects you from fire.
   rN:        It protects you from negative energy.
   Fly:       It grants you flight.
   -Cast:     It prevents spellcasting.
 j - a +1 pair of gloves (worn)
 v - a +1 crystal plate armour (worn)
 D - a +1 cloak of poison resistance (worn)
 G - a scarf of resistance
 K - a +2 hat of willpower (worn)
Jewellery
 i - a +4 ring of protection (left hand)
 B - a ring of protection from fire
 H - an amulet of the acrobat (around neck)
 S - a ring of resist corrosion (right hand)
 Y - a ring of positive energy
Wands
 b - a wand of digging (19)
 l - a wand of quicksilver (19)
 E - a wand of polymorph (15)
 F - a wand of mindburst (26)
 L - a wand of paralysis (18)
 Q - a wand of roots (3)
 R - a wand of flame (19)
Scrolls
 e - 8 scrolls of teleportation
 k - 5 scrolls of identify
 p - 4 scrolls of silence
 t - 7 scrolls of fear
 y - a scroll of amnesia
 T - 3 scrolls of enchant weapon
Potions
 d - 8 potions of might
 f - 5 potions of attraction
 m - 6 potions of brilliance
 n - 6 potions of heal wounds
 o - 9 potions of curing
 q - 5 potions of mutation
 r - 10 potions of haste
 w - 6 potions of magic
 x - a potion of cancellation
 z - 5 potions of flight
 A - 2 potions of invisibility
 C - a potion of berserk rage
 J - 3 potions of resistance
 M - 3 potions of ambrosia
 W - 3 potions of lignification


   Skills:
 + Level 19.0 Fighting
 - Level 20.4 Axes
 + Level 16.1 Armour
 + Level 1.9 Dodging
 - Level 0.1 Stealth
 + Level 14.0 Shields
 + Level 1.5 Invocations
 + Level 1.1 Evocations


You had 15 spell levels left.
You didn't know any spells.
Your spell library contained the following spells:

 Spells                   Type           Power      Damage    Failure   Level
 Kiss of Death            Conj/Necr      0%         2d5       100%        1
 Magic Dart               Conj           0%         1d3       100%        1
 Sting                    Tmut/Pois      0%         1d3       100%        1
 Poisonous Vapours        Pois/Air       0%         N/A       100%        2
 Searing Ray              Conj           0%         2d4       100%        2
 Sublimation of Blood     Necr           0%         N/A       100%        2
 Wereblood                Tmut           0%         N/A       100%        2
 Confusing Touch          Hex            0%         N/A       100%        3
 Dazzling Flash           Conj/Hex       0%         N/A       100%        3
 Airstrike                Air            0%         2d(0-16)  100%        4
 Dispel Undead            Necr           0%         3d6       100%        4
 Fulminant Prism          Conj/Hex       0%         3d6       100%        4
 Olgreb's Toxic Radiance  Pois           0%         N/A       100%        4
 Passage of Golubria      Tloc           0%         N/A       100%        4
 Agony                    Necr           0%         N/A       100%        5
 Lightning Bolt           Conj/Air       0%         1d11      100%        5
 Silence                  Hex/Air        0%         N/A       100%        5
 Yara's Violent Unravell  Hex/Tmut       0%         3d3       100%        5
 Tukima's Dance           Hex            Unusable   N/A       N/A         3
 Summon Lightning Spire   Summ/Air       Unusable   N/A       N/A         4
 Summon Hydra             Summ           Unusable   N/A       N/A         7

Dungeon Overview and Level Annotations

Branches:
Dungeon (15/15)            Temple (1/1) D:7            Lair (5/5) D:8
  Swamp (2/4) Lair:2        Snake (0/4) Lair:3        Slime (0/5) Lair:5
    Orc (2/2) D:9             Elf (0/3) Orc:2        Vaults (0/5) D:14
 Depths (0/4) D:15          IceCv (1/1)             Volcano (visited)
Gauntlet (visited)

Altars:
Fedhas
Gozag
Hepliaklqana
Kikubaaqudgha
Makhleb
Nemelex Xobeh
Okawaru
Qazlal
Trog
Vehumet
Wu Jian
Yredelemnul
Zin
Beogh
Jiyva

Shops:
D:3 ?   D:5 [   D:7 [!([   D:13 ((   D:14 *   Orc:2 ([*:

Portals:
Abyss: Lair:4

Annotations:
D:6 1 transporter
Lair:1 exclusion: 2 oklob plants
Lair:2 exclusion: 2 oklob plants
Lair:4 2 transporters, chippings's ghost, journeyman MfGl


Message History

You feel the dreadful sensation subside.
Your +0 broad axe of flaming bursts into flame!
u - a +0 broad axe of flaming (weapon)
Unknown command.
You slash the deep troll simulacrum!
You melt the deep troll simulacrum.
The deep troll simulacrum is heavily damaged.
You hit the deep troll simulacrum but do no damage.
You slash the deep troll simulacrum!
You melt the deep troll simulacrum!
The deep troll simulacrum vaporises!
Okawaru accepts your kill.
You hit the ice devil. You burn the ice devil.
You slash the deep troll simulacrum!
You melt the deep troll simulacrum.
You block the deep troll simulacrum's attack.
The deep troll simulacrum claws you.
* * * LOW HITPOINT WARNING * * *
The deep troll simulacrum freezes you!!
* * * LOW HITPOINT WARNING * * *
The deep troll simulacrum barely misses you.
You block the ice devil's attack.
You slice the deep troll simulacrum!!
You melt the deep troll simulacrum.
The deep troll simulacrum vaporises!
Okawaru accepts your kill.
You hit the ice devil. You burn the ice devil.
You slash the minotaur simulacrum!
You melt the minotaur simulacrum.
The minotaur simulacrum hits you but does no damage.
The minotaur simulacrum gores you but does no damage.
You feel much better. The ice devil barely misses you.
You hit the minotaur simulacrum.
You melt the minotaur simulacrum.
The minotaur simulacrum is heavily damaged.
You barely miss the ice devil.
The ice devil hits you but does no damage.
You block the minotaur simulacrum's attack. x2
You slice the ice devil!! You burn the ice devil.
The ice devil is heavily wounded.
You slash the minotaur simulacrum!
You melt the minotaur simulacrum!
The ice devil hits you but does no damage.
The minotaur simulacrum hits you!
* * * LOW HITPOINT WARNING * * *
The minotaur simulacrum freezes you!!
You die...

### #..#####
#.∩...4#.##
#..∩@Z...#
###..○.....#
####.###..
##


You could see an ice devil and a minotaur simulacrum.

Vanquished Creatures
  Gastronok (D:8)
  The ghost of hikkokomori the Zephyrmancer, a journeyman TeAE of Vehumet (D:14)
  A stone giant (D:15)
  3 eleionomae
  Azrael (D:15)
  A bunyip (Swamp:2)
  A dire elephant (Gauntlet)
  A minotaur (Gauntlet)
  2 ettins
  Josephine (D:10)
  3 vault guards (D:14)
  A catoblepas (Lair:4)
  7 hydras
  4 boulder beetles
  6 centaur warriors
  9 two-headed ogres
  An alligator (Swamp:1)
  An ogre mage (D:15)
  Erica (D:9)
  3 tengu warriors (D:15)
  3 orc high priests (Orc:2)
  5 death yaks (Lair:5)
  13 slime creatures
  17 skeletal warriors
  4 goliath frogs
  A spriggan druid (Swamp:1)
  2 bog bodies (Swamp:1)
  A lindwurm (shapeshifter) (D:14)
  A wizard (D:14)
  A lindwurm (Lair:4)
  5 orc knights (Orc:2)
  An anaconda skeleton (Volcano)
  A deep elf pyromancer (D:14)
  6 ugly things
  4 orc sorcerers (Orc:2)
  4 will-o-the-wisps
  3 manticores
  20 elephants
  5 cyclopes
  7 black mambas
  19 cane toads
  5 gargoyles
  Maggie (D:9)
  A yaktaur (shapeshifter) (D:14)
  A rime drake (Lair:5)
  An unseen horror (D:10)
  2 efreet
  2 komodo dragons
  2 tengu conjurers
  4 freezing wraiths
  5 tyrant leeches
  3 trolls
  2 polar bears
  A hornet (D:9)
  3 harpy skeletons (Volcano)
  Prince Ribbit (D:9)
  16 blink frogs
  6 dream sheep (Lair:5)
  8 flying skulls
  2 centaur simulacra (Gauntlet)
  2 spriggans (Swamp:1)
  A shadow (D:9)
  A vampire (D:12)
  45 yaks
  5 wyverns
  4 wraiths
  An alligator skeleton (Volcano)
  3 basilisks
  3 fire elementals (D:15)
  3 steam dragons
  2 wargs (Orc:2)
  18 vampire mosquitoes
  Menkaure (D:5)
  5 swamp worms
  2 acid dragons
  2 hell hounds (D:15)
  17 water moccasins
  2 swamp drakes
  2 ice beasts
  3 sky beasts
  13 orc warriors
  3 black bears
  6 ogres
  4 boggarts
  6 wolves (Lair:3)
  4 centaurs
  2 phantoms
  5 kobold brigands
  15 bullfrogs
  A necrophage (D:7)
  2 deep troll simulacra (IceCv)
  3 scorpions
  A hornet simulacrum (D:13)
  13 wights
  13 killer bees
  A troll skeleton (Volcano)
  5 howler monkeys
  5 spriggan skeletons (Volcano)
  7 electric eels
  7 hounds
  12 jellies
  A wyvern simulacrum (Gauntlet)
  19 orc priests
  Crazy Yiuf (D:4)
  Jessica (D:3)
  2 iguanas
  20 orc wizards
  Robin (D:2)
  7 adders
  A shadow imp (D:7)
  A white imp (D:8)
  3 adder zombies (D:2)
  2 adder skeletons (D:2)
  2 worms
  84 orcs
  11 ball pythons
  10 bats
  A bat zombie (D:2)
  23 endoplasms
  6 giant cockroaches
  25 goblins
  9 hobgoblins
  2 jackals (D:1)
  40 kobolds
  6 quokkas
  A ball python skeleton (D:2)
  2 ball python zombies (D:2)
  5 frilled lizards
  A quokka skeleton (D:2)
  A quokka zombie (D:2)
  5 rats
  4 rat zombies (D:15)
785 creatures vanquished.

Vanquished Creatures (others)
  A hydra (D:14)
  A tengu warrior (D:14)
  A cyclops (D:14)
  A bloated husk (Swamp:2)
  A slime creature (D:14)
  A worm (D:3)
  A goblin (D:2)
  3 ball lightnings (D:14)
  18 foxfires
  28 fungi
  68 plants
  3 withered plants (D:2)
127 creatures vanquished.

Grand Total: 912 creatures vanquished

Notes
Turn   | Place    | Note
-------+----------+-------------------------------------------
     0 | D:1      | blackops3 the Hill Orc Fighter began the quest for the Orb.
     0 | D:1      | Reached XP level 1. HP: 19/19 MP: 1/1
    19 | D:1      | Reached XP level 2. HP: 16/27 MP: 2/2
    85 | D:1      | Reached skill level 3 in Axes
   226 | D:1      | Reached XP level 3. HP: 19/33 MP: 3/3
   773 | D:1      | Found a faded altar of an unknown god.
   905 | D:2      | Reached skill level 4 in Axes
   923 | D:2      | Reached XP level 4. HP: 38/40 MP: 4/4
   981 | D:2      | Noticed Robin
  1092 | D:2      | Reached skill level 5 in Axes
  1096 | D:2      | Reached XP level 5. HP: 30/46 MP: 5/5
  1099 | D:2      | Killed Robin
  1610 | D:3      | Found Ommosm's Magic Scroll Shop.
  1618 | D:3      | Bought a scroll of identify for 20 gold pieces
  1618 | D:3      | Bought 3 scrolls of identify for 60 gold pieces
  1634 | D:3      | Noticed Jessica
  1645 | D:3      | Killed Jessica
  2161 | D:3      | Found a bloodstained altar of Trog.
  2161 | D:3      | Found an opulent altar of Gozag.
  2162 | D:3      | Found a hazy altar of Hepliaklqana.
  2277 | D:3      | Found the +7 Throatcutter {drain, coup de grace}
  2277 | D:3      | Noticed a kobold brigand
  2289 | D:3      | Killed a kobold brigand
  2290 | D:3      | Reached skill level 6 in Axes
  2290 | D:3      | Reached XP level 6. HP: 44/53 MP: 6/6
  2724 | D:4      | Reached skill level 7 in Axes
  2763 | D:4      | Found a runed translucent door.
  2764 | D:4      | Noticed Crazy Yiuf
  2924 | D:4      | Killed Crazy Yiuf
  3143 | D:4      | Reached XP level 7. HP: 60/60 MP: 7/7
  3336 | D:5      | Entered Level 5 of the Dungeon
  3343 | D:5      | Reached skill level 8 in Axes
  3447 | D:5      | Noticed Menkaure
  3455 | D:5      | Killed Menkaure
  3457 | D:5      | Reached skill level 5 in Fighting
  3457 | D:5      | Reached skill level 9 in Axes
  3515 | D:5      | Reached skill level 1 in Dodging
  3578 | D:5      | Reached XP level 8. HP: 51/68 MP: 8/8
  3589 | D:5      | Reached skill level 10 in Axes
  4418 | D:5      | Found Peluzurph's Armour Boutique.
  4425 | D:5      | Bought a +0 plate armour for 230 gold pieces
  5012 | D:6      | Found a transporter.
  5022 | D:6      | Reached skill level 11 in Axes
  5357 | D:6      | Found a transporter.
  5478 | D:6      | Reached skill level 5 in Armour
  5624 | D:6      | Reached skill level 5 in Shields
  5671 | D:6      | Reached skill level 12 in Axes
  5671 | D:6      | Reached XP level 9. HP: 75/75 MP: 9/9
  6569 | D:7      | Found a flagged portal.
  6754 | D:7      | Found a staircase to the Ecumenical Temple.
  6784 | D:7      | Reached skill level 13 in Axes
  6945 | Temple   | Entered the Ecumenical Temple
  6976 | Temple   | Became a worshipper of Warmaster Okawaru
  7176 | D:7      | Found Cyahievyo's Armour Emporium.
  7179 | D:7      | Found Rerev's Weapon Emporium.
  7206 | D:7      | Killed a very large slime creature
  7206 | D:7      | Reached * piety under Okawaru
  7207 | D:7      | Reached skill level 14 in Axes
  7207 | D:7      | Reached XP level 10. HP: 25/86 MP: 10/10
  7384 | D:7      | Found Velunli's Distillery.
  7387 | D:7      | Found Liwkeiz's Armour Emporium.
  7399 | D:7      | Bought a potion of haste for 120 gold pieces
  7399 | D:7      | Bought a potion of curing for 36 gold pieces
  7737 | D:7      | Reached skill level 15 in Axes
  8432 | D:8      | Reached ** piety under Okawaru
  8633 | D:8      | Reached skill level 16 in Axes
  8634 | D:8      | Noticed Gastronok
  8763 | D:8      | Killed Gastronok
  8763 | D:8      | Reached *** piety under Okawaru
  8764 | D:8      | Reached XP level 11. HP: 55/94 MP: 11/11
  9019 | D:8      | Found a staircase to the Lair.
  9028 | D:8      | Reached skill level 17 in Axes
  9165 | D:8      | Identified the +3 chain mail of Space {*Slow rPois rC++
                  | Dex+4}
  9356 | D:9      | Noticed Maggie
  9371 | D:9      | Killed Maggie
  9371 | D:9      | Reached **** piety under Okawaru
  9448 | D:9      | Noticed Prince Ribbit
  9454 | D:9      | Killed Prince Ribbit
  9478 | D:9      | Noticed Erica
  9493 | D:9      | Killed Erica
  9587 | D:9      | Noticed a two-headed ogre
  9599 | D:9      | Killed a two-headed ogre
  9966 | D:9      | Found a staircase to the Orcish Mines.
 10218 | D:10     | Entered Level 10 of the Dungeon
 10220 | D:10     | Noticed a two-headed ogre
 10227 | D:10     | Killed a two-headed ogre
 10228 | D:10     | Reached skill level 18 in Axes
 10254 | D:10     | Noticed Josephine
 10261 | D:10     | Killed Josephine
 10261 | D:10     | Reached ***** piety under Okawaru
 10432 | D:10     | Received a gift from Okawaru
 10621 | D:10     | Reached XP level 12. HP: 85/106 MP: 12/12
 11274 | D:11     | Reached skill level 10 in Fighting
 11755 | D:11     | Noticed a boulder beetle
 11780 | D:11     | Killed a boulder beetle
 12148 | D:12     | Noticed a two-headed ogre
 12167 | D:12     | Killed a two-headed ogre
 12167 | D:12     | Received a gift from Okawaru
 12168 | D:12     | Reached skill level 10 in Armour
 13135 | D:13     | Found Tamav's Antique Weapon Emporium.
 13164 | D:13     | Reached skill level 19 in Axes
 14033 | D:13     | Identified the +8 war axe of Luuniydi {holy, +Blink Will+}
                  | (Okawaru gifted it to you on level 13 of the Dungeon)
 14033 | D:13     | Received a gift from Okawaru
 14034 | D:13     | Reached XP level 13. HP: 87/118 MP: 13/13
 14612 | D:13     | Reached skill level 20 in Axes
 14646 | D:13     | HP: 2/119 [skeletal warrior/+0 trident (13)]
 15031 | D:13     | Found Reesch's Weapon Shoppe.
 15105 | D:13     | Reached ****** piety under Okawaru
 15105 | D:13     | Identified the +1 broad axe of Checks and Balances {vamp,
                  | Int+3} (Okawaru gifted it to you on level 13 of the
                  | Dungeon)
 15105 | D:13     | Received a gift from Okawaru
 15730 | D:14     | Found a runed translucent gate.
 15760 | D:14     | Found a runed translucent gate.
 15760 | D:14     | Found an opulent altar of Gozag.
 15761 | D:14     | Found a runed translucent gate.
 15763 | D:14     | Noticed hikkokomori's ghost (journeyman TeAE)
 15764 | D:14     | Noticed an ettin
 15766 | D:14     | Found Gasuff's Assorted Antiques.
 16423 | D:14     | Found a gate to the Vaults.
 16423 | D:14     | Noticed a vault guard
 16423 | D:14     | Noticed a vault guard
 16423 | D:14     | Noticed a vault guard
 16423 | D:14     | Noticed a vault guard
 17237 | D:14     | Killed an ettin
 17238 | D:14     | Killed hikkokomori's ghost
 17534 | D:14     | Killed a vault guard
 17631 | D:14     | Killed a vault guard
 17631 | D:14     | Identified the +1 robe of Isog {Str+2} (Okawaru gifted it
                  | to you on level 14 of the Dungeon)
 17631 | D:14     | Received a gift from Okawaru
 17967 | D:14     | Killed a vault guard
 17968 | D:14     | Reached skill level 1 in Evocations
 18160 | D:15     | Entered Level 15 of the Dungeon
 18179 | D:15     | Reached skill level 1 in Invocations
 18207 | D:14     | Reached XP level 14. HP: 98/132 MP: 15/15
 19197 | D:15     | Found a staircase to the Depths.
 19197 | D:15     | Noticed a stone giant
 19207 | D:15     | Killed a stone giant
 19522 | D:15     | Found an ancient bone altar of Kikubaaqudgha.
 19935 | D:15     | Reached skill level 15 in Fighting
 20338 | D:15     | Noticed Azrael
 20352 | D:15     | Killed Azrael
 21106 | Orc:1    | Entered Level 1 of the Orcish Mines
 21211 | Orc:1    | Found a roughly hewn altar of Beogh.
 21270 | Orc:2    | Entered Level 2 of the Orcish Mines
 21323 | Orc:2    | Identified the +1 pair of gloves "Bameriwn" {-Tele Int+7}
                  | (Okawaru gifted it to you on level 2 of the Orcish Mines)
 21323 | Orc:2    | Received a gift from Okawaru
 21442 | Orc:2    | Found Peenaiz's Book Shop.
 21451 | Orc:2    | Reached skill level 10 in Shields
 21482 | Orc:2    | Paralysed by an orc sorcerer for 2 turns
 22630 | Orc:2    | Found a staircase to the Elven Halls.
 23207 | Orc:2    | Reached XP level 15. HP: 144/144 MP: 13/16
 23330 | Orc:2    | Found Duhac's Assorted Antiques.
 23331 | Orc:2    | Found Epughan's Weapon Shoppe.
 23373 | Orc:2    | Found Weijufen's Armour Shoppe.
 23517 | Lair:1   | Entered Level 1 of the Lair of Beasts
 24371 | Lair:2   | Found a dark tunnel.
 24380 | Volcano  | Entered a volcano
 24804 | Volcano  | Identified the +2 hat "Roqioz" {-Cast Harm rF+ Str+4}
                  | (Okawaru gifted it to you in a volcano)
 24804 | Volcano  | Received a gift from Okawaru
 25699 | Lair:2   | Found a staircase to the Swamp.
 26025 | Lair:3   | Found a staircase to the Snake Pit.
 27021 | Lair:4   | You fall into a shaft and drop 1 floor!
 27021 | Lair:5   | Entered Level 5 of the Lair of Beasts
 27082 | Lair:4   | Reached skill level 15 in Armour
 27135 | Lair:4   | Found a transporter.
 27151 | Lair:4   | Found a one-way gate to the infinite horrors of the Abyss.
 27151 | Lair:4   | Noticed chippings's ghost (journeyman MfGl)
 27207 | Lair:4   | Found a gate leading to a gauntlet.
 27217 | Gauntlet | Entered a Gauntlet
 27217 | Gauntlet | Found a large runed translucent door.
 27217 | Gauntlet | Found a large runed translucent door.
 27217 | Gauntlet | Found a large runed translucent door.
 27217 | Gauntlet | Found a large runed translucent door.
 27217 | Gauntlet | Found a large runed translucent door.
 27217 | Gauntlet | Found a large runed translucent door.
 27217 | Gauntlet | Found a large runed translucent door.
 27217 | Gauntlet | Found a large runed translucent door.
 27217 | Gauntlet | Found a runed translucent door.
 27217 | Gauntlet | Found a runed translucent gate.
 27217 | Gauntlet | Found a transporter.
 27217 | Gauntlet | Found a transporter.
 27217 | Gauntlet | Found a runed translucent gate.
 27217 | Gauntlet | Found a transporter.
 27217 | Gauntlet | Found a transporter.
 27266 | Gauntlet | Found a transporter.
 27266 | Gauntlet | Found a transporter.
 27276 | Gauntlet | Found a transporter.
 27280 | Gauntlet | Found a transporter.
 27292 | Gauntlet | Found a transporter.
 27364 | Gauntlet | Found a runed translucent door.
 27365 | Gauntlet | Found a large runed translucent door.
 27365 | Gauntlet | Found a large runed translucent door.
 27365 | Gauntlet | Found a large runed translucent door.
 27365 | Gauntlet | Found a large runed translucent door.
 27366 | Gauntlet | Found a large runed translucent door.
 27366 | Gauntlet | Found a large runed translucent door.
 27367 | Gauntlet | Found a large runed translucent door.
 27367 | Gauntlet | Found a large runed translucent door.
 27376 | Gauntlet | Found a runed translucent gate.
 27392 | Gauntlet | Found a transporter.
 27396 | Gauntlet | Found a transporter.
 27406 | Gauntlet | Found a transporter.
 27532 | Gauntlet | Identified the +11 long sword of Blood {venom, Str+2}
 27657 | Gauntlet | Identified the +0 pair of boots "Kaskoopn" {-Cast Fly rF++
                  | rN+}
 27682 | Gauntlet | Identified the ring of Nanuoc {Fly Str-4 Dex+7}
 28551 | Lair:4   | Found a transporter.
 29223 | Lair:5   | Reached XP level 16. HP: 121/157 MP: 17/17
 29303 | Lair:5   | Received a gift from Okawaru
 29357 | Lair:5   | Found a staircase to the Slime Pits.
 29360 | Lair:5   | Found a viscous altar of Jiyva.
 29557 | Lair:5   | Identified the +0 scale mail of the Fife {Rampage *Corrode
                  | +Blink +Inv}
 30287 | Swamp:1  | Entered Level 1 of the Swamp
 31122 | Swamp:2  | Received a gift from Okawaru
 31164 | Swamp:2  | Found a frozen archway.
 31196 | IceCv    | Entered an ice cave
 31200 | IceCv    | HP: 1/160 [deep troll simulacrum (23)]
 31204 | IceCv    | Demolished by a minotaur simulacrum

Illustrated notes

Levels and vault maps discovered:
D:1:      dpeg_arrival_fog, layout_loops_ring,
          hellmonk_ecumenical_altar_prayer_group, minivault_27, minmay_tall_x
D:2:      layout_rooms, serial_undead, serial_undead_d, serial_undead_a,
          serial_undead_a, serial_undead_c, serial_undead_a, serial_undead_a,
          st_stairs_7, uniq_robin
D:3:      layout_loops_ring, gammafunk_temple_overflow_claw, serial_shops,
          nicolae_shop_waterfront, dilly_guarded_unrand_throatcut, uniq_jessica
D:4:      layout_cave_pools, hangedman_abyss_or_decor_slice,
          uniq_crazy_yiuf_cottage
D:5:      minmay_thick_lines, layout_basic, serial_shops, shop,
          serial_corexii_hall, corexii_hall_statues_s, corexii_hall_statues_i,
          uniq_menkaure
D:6:      gammafunk_cloud_chamber, layout_loops_ring
D:7:      layout_loops_ring, enter_bailey_5, minmay_shop_grid_forest,
          minivault_23, minmay_chambers_of_fives
D:8:      layout_rooms, david_lair_generic, uniq_gastronok
D:9:      layout_long_grid, orc_0_dummy, chequers_serial_rivers_small_3,
          hex_tiny, uniq_maggie, uniq_erica, uniq_prince_ribbit1
D:10:     layout_loops_ring, uniq_josephine
D:11:     layout_roguey
D:12:     layout_gridville, serial_bayou, serial_bayou_pond_b,
          serial_bayou_crossing, serial_bayou_ford_a, serial_bayou_lagoon_a,
          serial_bayou_shore_a
D:13:     layout_loops_ring, serial_shops, shop, nicolae_lakefront_shop,
          statue_in_the_mist_lemuel
D:14:     layout_gridville, lightli_vaults_fourway_checkpoint,
          ebering_ghost_gozag, drop_trap, corexii_checkpoint_a,
          nrook_pool_corridor, kennysheep_decorative_pillar
D:15:     grunt_enter_depths_snipers, layout_cave_pods,
          chequers_decorated_corner, lemuel_zombie_altar_kikubaaqudgha,
          uniq_azrael
Temple:   nicolae_temple_bog_church
Lair:1:   lemuel_slime, layout_regular_city, minivault_24, minivault_25,
          dpeg_stationary_puzzle
Lair:2:   layout_gridlike, minmay_swamp_entry_worms,
          nicolae_volcano_entry_hallway, minmay_lair_oklob_bushes
Lair:3:   layout_regular_city, minmay_snake_entry_six_corridors,
          lemuel_fruit_fields
Lair:4:   layout_cave_pods, gammafunk_ghost_abyssal_escape,
          gauntlet_entry_generic, columned_hall_lemuel
Lair:5:   minmay_lair_end_frog_pond, layout_cave_pods,
          nicolae_slime_entry_slimehenge
Swamp:1:  layout_basic_swamp, nicolae_swamp_some_circles, swamp_pool1
Swamp:2:  layout_basic_swamp, portal_ice_cave_entry_frozen_things,
          evilmike_swamp_ruin_house_2
Orc:1:    layout_caves, minmay_shop_mayhem, lemuel_statue_altar,
          hellmonk_guarded_unrand_dark_maul
Orc:2:    st_orc_elflike, layout_caves, minmay_orc_barracks
IceCv:    ice_cave_caverns_02

Skill      XL: |  1  2  3  4  5  6  7  8  9 10 11 12 13 14 15 16 |
---------------+-------------------------------------------------+-----
Axes           | 3 4 5 6 7 9 12 14 16 18 19 20 | 20.4
Fighting       | 4 5 7 8 9 12 14 16 17 19 | 19.0
Armour         | 4 5 6 7 8 10 12 14 15 16 | 16.1
Shields        | 4 5 6 7 8 10 12 14 | 14.0
Dodging        | 1 |  1.9
Evocations     | 1 |  1.1
Invocations    | 1 |  1.5
Stealth        | |  0.1

Action                   |  1- 3 |  4- 6 |  7- 9 | 10-12 | 13-15 | 16-18 || total
-------------------------+-------+-------+-------+-------+-------+-------++-------
Melee: War axe           |   120 |   240 |   306 |   222 |   486 |       ||  1374
       Broad axe         |       |       |       |   262 |   720 |   391 ||  1373
       Battleaxe         |       |       |       |   127 |     8 |       ||   135
Invok: Heroism           |       |       |       |       |     5 |       ||     5
Evoke: Wand              |       |       |     1 |       |     4 |       ||     5
  Use: Scroll            |       |     6 |    10 |     5 |    12 |     7 ||    40
       Potion            |       |     1 |       |       |     4 |     2 ||     7
Armor: Scale mail        |    76 |   130 |       |       |       |       ||   206
       Chain mail        |       |    36 |    86 |       |       |       ||   122
       Skin              |       |     3 |       |       |       |       ||     3
       Plate armour      |       |       |   160 |   238 |       |       ||   398
       Crystal plate arm |       |       |       |   137 |   790 |   205 ||  1132
Dodge: Dodged            |    60 |   125 |    89 |   150 |   316 |    62 ||   802
Block: Buckler           |    26 |    56 |    64 |    67 |    33 |       ||   246
       Kite shield       |       |       |       |       |   647 |   197 ||   844

Table legend: (Time is in decaauts)
 A = Elapsed time spent in this place.
 B = Non-inter-level travel time spent in this place.
 C = Inter-level travel time spent in this place.
 D = Time resting spent in this place.
 E = Time spent auto-exploring this place.
 F = Levels seen in this place.
 G = Mean time per level.
                   A        B        C        D        E       F      G
               +--------+--------+--------+--------+--------+-----+--------+
         Total |  30923 |  28698 |   2225 |   6073 |  17512 |  28 | 1104.4 |
       Dungeon |  21055 |  19521 |   1534 |   5409 |  10912 |  15 | 1403.7 |
        Temple |     40 |      4 |     36 |      0 |      0 |   1 |   40.0 |
          Lair |   5251 |   4809 |    442 |     20 |   3836 |   5 | 1050.2 |
         Swamp |    874 |    791 |     83 |     31 |    519 |   2 |  437.0 |
  Orcish Mines |   2314 |   2186 |    128 |    613 |   1238 |   2 | 1157.0 |
      Ice Cave |      6 |      6 |      0 |      0 |      0 |   1 |    6.0 |
       Volcano |    624 |    624 |      0 |      0 |    447 |   1 |  624.0 |
      Gauntlet |    756 |    756 |      0 |      0 |    560 |   1 |  756.0 |
               +--------+--------+--------+--------+--------+-----+--------+

Top non-repeatable levels by time:
    D:14: 2326 daAuts
    D:13: 2267 daAuts
    D:15: 2262 daAuts
    D:12: 2005 daAuts
     D:5: 1720 daAuts
     D:7: 1614 daAuts
     D:6: 1515 daAuts
   Orc:2: 1376 daAuts
  Lair:4: 1339 daAuts
  Lair:5: 1062 daAuts
  Lair:2: 1045 daAuts
    D:10: 1036 daAuts
     D:8: 1034 daAuts
     D:1: 1021 daAuts
     D:3: 1010 daAuts
